 Dungeon Crawl Stone Soup version 0.29-a0-555-g3b24f45cc1 (webtiles) character file.

Game seed: 5810198067137897344

9087 Pelinal the Destroyer (level 11, -3/111 HPs)
             Began as a Grey Draconian Conjurer on June 8, 2022.
             Was a Believer of Sif Muna.
             Slain by a gargoyle
             ... wielding a +0 mace
              (11 damage)
             ... on level 9 of the Dungeon.
             The game lasted 00:32:25 (11328 turns).

Pelinal the Destroyer (Grey Draconian Conjurer)    Turns: 11328, Time: 00:32:26

Health: -3/111     AC: 25    Str: 10    XL:     11   Next: 18%
Magic:  8/16       EV:  2    Int: 26    God:    Sif Muna [**....]
Gold:   72         SH:  0    Dex: 13    Spells: 2/17 levels left

rFire   . . .      SeeInvis .   i - +10 spear of Undoing {drain, Int+4 Dex+3}
rCold   . . .      Faith    .   (no shield)
rNeg    . . .      Spirit   .   (body armour unavailable)
rPois   +          Reflect  .   (helmet currently unavailable)
rElec   .          Harm     .   (cloak currently unavailable)
rCorr   .          Rampage  .   (gloves currently unavailable)
Will    .....      NoTele   +   (boots currently unavailable)
Stlth   ++........              (no amulet)
HPRegen 0.28/turn               s - +4 ring of evasion
MPRegen 0.15/turn               J - ring of wizardry

@: tree-form, weak-willed, on berserk cooldown, hasted and slowed
A: stationary, stasis, torment immunity, boosted hp, AC +12, (amphibious),
unfitting armour, (cold-blooded)
a: Renounce Religion, Channel Magic


You were on level 9 of the Dungeon.
You worshipped Sif Muna.
Sif Muna was pleased with you.
You were a tree.
You visited 1 branch of the dungeon, and saw 9 of its levels.

You collected 431 gold pieces.
You spent 359 gold pieces at shops.

Inventory:

Hand Weapons
 i - the +10 spear of Undoing (weapon) {drain, Int+4 Dex+3}
   (You found it on level 8 of the Dungeon)

   A truly terrible weapon, it drains the life of any living foe it strikes.
   Int:       It affects your intelligence (+4).
   Dex:       It affects your dexterity (+3).
 r - a +3 dagger of venom
 K - the +2 dagger of Chagrin {drain, Int+4}
   (You found it on level 8 of the Dungeon)

   A truly terrible weapon, it drains the life of any living foe it strikes.
   Int:       It affects your intelligence (+4).
Missiles
 b - 15 poisoned darts (quivered)
 x - 4 atropa-tipped darts
Armour
 e - a +2 hat (melded)
 m - a scarf of shadows (melded)
 C - a +1 cloak
 F - a +2 pair of boots (melded)
Magical Staves
 y - a staff of fire
Jewellery
 g - a +6 ring of dexterity
 s - a +4 ring of evasion (left branch)
 u - a +6 ring of strength
 J - a ring of wizardry (right branch)
Wands
 f - a wand of iceblast (10)
 h - a wand of acid (5)
 t - a wand of mindburst (9)
 G - a wand of flame (10)
 H - a wand of polymorph (8)
Scrolls
 j - a scroll of acquirement {unknown}
 l - 2 scrolls of fog {unknown}
 n - 7 scrolls of enchant armour
 v - a scroll of immolation {unknown}
 w - a scroll of enchant weapon
 z - a scroll of vulnerability
 D - a scroll of amnesia {unknown}
Potions
 a - a potion of magic
 c - 2 potions of cancellation
 k - a potion of flight {unknown}
 o - 2 potions of lignification
 p - a potion of curing
 q - a potion of mutation {unknown}
 A - a potion of brilliance {unknown}
 B - a potion of might {unknown}
 E - 2 potions of ambrosia


   Skills:
 + Level 5.6 Throwing
 - Level 1.7 Dodging
 - Level 2.5 Stealth
 - Level 3.6 Spellcasting
 - Level 8.8 Conjurations
 - Level 8.5 Hexes
 + Level 4.2 Translocations
 - Level 4.3 Fire Magic
 - Level 6.5 Invocations
 - Level 5.0 Evocations


You had 2 spell levels left.
You knew the following spells:

 Your Spells              Type           Power      Damage    Failure   Level
a - Foxfire               Conj/Fire      100%       2x1d9     1%          1
b - Searing Ray           Conj           100%       2d8       1%          2
c - Dazzling Flash        Conj/Hex       98%        N/A       1%          3
d - Fulminant Prism       Conj/Hex       24%        3d13      1%          4
e - Magic Dart            Conj           100%       1d8       1%          1
f - Iskenderun's Mystic   Conj/Tloc      38%        2d9       2%          4

Your spell library contained the following spells:

 Spells                   Type           Power      Damage    Failure   Level
 Scorch                   Fire           54%        2d7       1%          2
 Static Discharge         Conj/Air       27%        N/A       1%          2
 Conjure Flame            Conj/Fire      38%        6-21      1%          3
 Inner Flame              Hex/Fire       38%        N/A       1%          3
 Flame Wave               Conj/Fire      38%        2d9       2%          4
 Sticky Flame             Conj/Fire      38%        2d6       2%          4
 Ozocubu's Armour         Ice            4%         N/A       11%         3
 Metabolic Englaciation   Hex/Ice        13%        N/A       16%         5
 Dispel Undead            Necr           4%         3d7       32%         4
 Starburst                Conj/Fire      19%        6d7       34%         6
 Simulacrum               Ice/Necr       2%         N/A       99%         6
 Summon Cactus Giant      Summ           2%         N/A       99%         6


Dungeon Overview and Level Annotations

Branches:
Dungeon (9/15)             Temple (0/1) D:7
   Lair: D:8-11         Orc: D:9-12

Altars:
Ashenzari
Gozag
Okawaru
Sif Muna
Yredelemnul

Shops:
D:1 !*?   D:4 [   D:7 *   D:8 [

Annotations:
D:4 Duvessa


Innate Abilities, Weirdness & Mutations

You are a tree.
Your roots penetrate the ground, keeping you stationary.
You cannot be teleported.
You are immune to unholy pain and torment.
Your maximum health is greatly increased.
Your equipment is partially melded.
((Your dull iron-grey scales are very hard. (AC +12)))
((You are amphibious.))
You cannot fit into any form of body armour.
((You are cold-blooded and may be slowed by cold attacks.))


Message History

The tengu warrior is knocked back by the mystic blast.
The tengu warrior slams into the crystal wall!
The mystic blast hits the gargoyle.
The gargoyle is lightly damaged.
The gargoyle is knocked back by the mystic blast.
The gargoyle slams into the crystal wall!
The gargoyle is moderately damaged.
Unknown command.
Unknown command.
Okay, then.
Aiming: Corrosive Bolt
Press: ? - help, Shift-Dir - straight line The bolt of acid hits the gargoyle!
The gargoyle is almost destroyed.
The gargoyle hurls a stone arrow at you.
The stone arrow hits you but does no damage.
The tengu warrior hits you but does no damage.
The tengu warrior pecks you but does no damage.
The tengu warrior claws you but does no damage.
Unknown command.
Aiming: Throw Flame
Press: ? - help, Shift-Dir - straight line The puff of flame hits the gargoyle but does no damage.
The gargoyle is almost destroyed.
The gargoyle hurls a stone arrow at you.
The stone arrow hits you.
* * * LOW HITPOINT WARNING * * *
The tengu warrior hits you but does no damage.
The tengu warrior pecks you but does no damage.
The tengu warrior claws you but does no damage.
Unknown command.
Unknown command.
Aiming: Corrosive Bolt
Press: ? - help, Shift-Dir - straight line, f - yak
Aim: a yak (84% to hit)
The bolt of acid misses the gargoyle.
The bolt of acid hits the yak!
The acid corrodes the yak!
The yak is moderately wounded.
The gargoyle hits you with a +0 mace!
You die...

#.. ##.. #.# ... #...
#.# ..
#..#####.######## '#
#..#...#.#...#).##.##
#..#.#.#.#.#.#..#...#
#..#...#...#.###Q†#..##
#..#...#...#.##.♣##
..##.
#..'.#.#.#.#.'.9## #..'
#..#.#...#...##Y.#
#..##
#..#.#...#...###.Y#..#
#..#.#.#.#.#.# #.c.#
##.#...#)#...# #.##
#.#####.####### #'#####
# #..# #.# #..##..#..#
# ##.# #.## #.#.#.##.#
#


You could see a tengu warrior (weak-willed, drained), a yak (corroded) and a
gargoyle (weak-willed).

Vanquished Creatures
  Gastronok (D:8)
  A centaur warrior (D:9)
  A two-headed ogre (D:8)
  An ugly thing (D:9)
  A cyclops (D:7)
  Maggie (D:8)
  Psyche (D:8)
  A kobold demonologist (D:7)
  A slime creature (D:9)
  A yak (D:9)
  Eustachio (D:5)
  An acid dragon (D:9)
  4 water moccasins
  2 orc warriors
  A black bear (D:6)
  2 ice beasts (D:8)
  2 sky beasts (D:7)
  4 ogres
  8 centaurs
  A phantom (D:7)
  4 bullfrogs
  A gnoll sergeant (D:9)
  A necrophage (D:5)
  5 scorpions
  13 wights
  Dowan (D:4)
  9 killer bees
  3 howler monkeys (D:8)
  2 hounds
  4 orc priests
  6 iguanas
  5 orc wizards
  7 gnolls
  8 adders
  2 shadow imps
  2 white imps (D:7)
  4 worms
  2 dart slugs
  17 orcs
  6 endoplasms
  3 giant cockroaches
  4 goblins
  6 hobgoblins
  4 jackals
  3 quokkas
  9 ball pythons
  6 bats
  6 frilled lizards
  8 kobolds
  10 rats
  2 fulminant prisms (D:8)
199 creatures vanquished.

Vanquished Creatures (others)
  77 foxfires
  48 fulminant prisms
  12 plants (D:9)
137 creatures vanquished.

Grand Total: 336 creatures vanquished

Notes
Turn   | Place    | Note
-------+----------+-------------------------------------------
     0 | D:1      | Pelinal the Draconian Conjurer began the quest for the Orb.
     0 | D:1      | Reached XP level 1. HP: 14/14 MP: 3/3
   312 | D:1      | Found Kamoukla's Distillery.
   319 | D:1      | Reached XP level 2. HP: 20/20 MP: 3/5
   328 | D:1      | Learned a level 2 spell: Searing Ray
   965 | D:1      | Found Ingezevo's General Store.
   974 | D:1      | Bought a +0 pair of boots for 45 gold pieces
   985 | D:1      | Reached XP level 3. HP: 26/26 MP: 2/6
  1277 | D:1      | Found Kecoez's Magic Scroll Boutique.
  1282 | D:1      | Bought a scroll of identify for 26 gold pieces
  1704 | D:2      | Reached skill level 5 in Conjurations
  1805 | D:2      | Found an opulent altar of Gozag.
  1824 | D:2      | Reached XP level 4. HP: 33/33 MP: 5/8
  2209 | D:3      | Found a shimmering blue altar of Sif Muna.
  2231 | D:3      | Became a worshipper of Sif Muna the Loreminder
  2565 | D:3      | Reached XP level 5. HP: 38/38 MP: 6/9
  3307 | D:4      | Found Hichot's Armour Shoppe.
  3323 | D:4      | Bought a +0 cloak for 63 gold pieces
  3638 | D:4      | Noticed Dowan
  3639 | D:4      | Noticed Duvessa
  3809 | D:4      | Reached XP level 6. HP: 27/45 MP: 4/11
  3870 | D:3      | Learned a level 3 spell: Dazzling Flash
  3875 | D:3      | Learned a level 4 spell: Fulminant Prism
  4175 | D:4      | Reached * piety under Sif Muna
  4184 | D:4      | Found an iron altar of Okawaru.
  4269 | D:4      | Killed Dowan
  4270 | D:4      | Reached skill level 1 in Hexes
  4770 | D:5      | Entered Level 5 of the Dungeon
  4864 | D:5      | Your scales start taking on a dull iron-grey colour.
  4864 | D:5      | Reached XP level 7. HP: 42/50 MP: 5/12
  5261 | D:5      | Reached skill level 5 in Hexes
  5433 | D:5      | Noticed Eustachio
  5566 | D:5      | Reached XP level 8. HP: 51/57 MP: 6/13
  5797 | D:5      | Killed Eustachio
  5798 | D:5      | Reached skill level 1 in Invocations
  6064 | D:5      | Found a basalt altar of Yredelemnul.
  6264 | D:6      | Found a broken altar of Ashenzari.
  6827 | D:6      | Reached XP level 9. HP: 42/62 MP: 4/14
  7439 | D:7      | Found a staircase to the Ecumenical Temple.
  7540 | D:7      | Reached skill level 5 in Invocations
  7777 | D:7      | Found an opulent altar of Gozag.
  7783 | D:7      | Found Gozag's Platinum Reserve.
  7981 | D:7      | Noticed a cyclops
  8305 | D:7      | Killed a cyclops
  8514 | D:7      | Learned a level 1 spell: Foxfire
  8747 | D:7      | Noticed a kobold demonologist
  8751 | D:7      | Killed a kobold demonologist
  8752 | D:7      | Reached skill level 1 in Throwing
  8752 | D:7      | Reached skill level 1 in Fire Magic
  8752 | D:7      | Reached skill level 1 in Evocations
  8752 | D:7      | Reached XP level 10. HP: 69/69 MP: 2/15
  9068 | D:8      | Found Tukenan's Antique Armour Emporium.
  9070 | D:8      | Noticed Maggie
  9079 | D:8      | Killed Maggie
  9208 | D:8      | Reached ** piety under Sif Muna
  9257 | D:8      | Bought a pair of runed boots for 225 gold pieces
  9424 | D:8      | Noticed Psyche
  9439 | D:8      | Killed Psyche
  9510 | D:8      | Noticed Gastronok
  9606 | D:8      | Killed Gastronok
  9776 | D:8      | Learned a level 4 spell: Iskenderun's Mystic Blast
 10004 | D:8      | Noticed a two-headed ogre
 10024 | D:8      | Killed a two-headed ogre
 10466 | D:8      | Identified the +2 dagger of Chagrin {drain, Int+4}
 10543 | D:8      | Reached skill level 5 in Evocations
 10600 | D:8      | Identified the +10 spear of Undoing {drain, Int+4 Dex+3}
 10956 | D:9      | Reached XP level 11. HP: 63/74 MP: 4/16
 10963 | D:9      | Reached skill level 5 in Throwing
 11296 | D:9      | Noticed a centaur warrior
 11301 | D:9      | Noticed a green ugly thing
 11308 | D:9      | Killed a centaur warrior
 11312 | D:9      | Noticed a tengu warrior
 11317 | D:9      | Killed a green ugly thing
 11328 | D:9      | Slain by a gargoyle

Illustrated notes

Levels and vault maps discovered:
D:1:      amcnicky_arrival_blooded_trapdoor, layout_loops_ring, serial_shops,
          shop, shop, nicolae_shop_statue_plus, kennysheep_minor_cross
D:2:      layout_basic, basic_altar, minmay_strange_pillars
D:3:      layout_loops_corners, nicolae_sif_muna_condensation
D:4:      minmay_spotlight, layout_basic, okawaru_ov_weapons_minmay,
          serial_shops, shop, chequers_jeans, minmay_pentangle, uniq_edmund,
          uniq_duvessa, uniq_pikel
D:5:      kennysheep_big_flooded_room, layout_cave_pools,
          mainiacjoe_overflow_alcove_4, uniq_eustachio
D:6:      layout_basic, evilmike_ruin_ashenzari
D:7:      nzn_winding_woodlands_medium [nzn_winding_woodlands_5x5_perimeter,
          nzn_winding_woodlands_5x15_parted, nzn_winding_woodlands_5x5_default,
          nzn_winding_woodlands_5x5_three,
          nzn_winding_woodlands_center_diamonds,
          nzn_winding_woodlands_5x5_checkerboard,
          nzn_winding_woodlands_5x5_default, nzn_winding_woodlands_5x15_pool,
          nzn_winding_woodlands_5x5_cross], layout_basic,
          nicolae_gozag_zags_fifth_avenue, minmay_temple_entry_arrows,
          minmay_misc_feat_alley
D:8:      layout_basic, serial_shops, shop, uniq_gastronok, uniq_psyche,
          uniq_maggie
D:9:      minmay_the_grid_plus_closed [minmay_the_grid_broken_lines,
          minmay_the_grid_outer_circle, minmay_the_grid_all_tris,
          minmay_the_grid_garden, minmay_the_grid_prize_four_corners_diamond_a],
          layout_basic, statue_in_the_mist_lemuel

Skill      XL: |  1  2  3  4  5  6  7  8  9 10 11 |
---------------+----------------------------------+-----
Conjurations   | 5 6 7 8 |  8.8
Spellcasting   | 3 |  3.6
Stealth        | 2 |  2.5
Hexes          | 3 6 7 8 |  8.5
Invocations    | 4 6 |  6.5
Throwing       | 1 4 5 |  5.6
Fire Magic     | 1 4 |  4.3
Evocations     | 1 5 |  5.0
Translocations | 2 4 |  4.2
Dodging        | |  1.7

Action                   |  1- 3 |  4- 6 |  7- 9 | 10-12 || total
-------------------------+-------+-------+-------+-------++-------
Melee: Unarmed           |    14 |       |       |       ||    14
       Tailslap          |     6 |     8 |    14 |     5 ||    33
       Punch             |     1 |     1 |       |       ||     2
       Dagger            |    15 |    51 |    90 |    20 ||   176
       Spear             |       |       |       |    39 ||    39
Throw: Dart              |       |     7 |     7 |    11 ||    25
 Cast: Magic Dart        |    55 |    48 |    35 |       ||   138
       Searing Ray       |     4 |    13 |    26 |     5 ||    48
       Dazzling Flash    |       |     3 |       |       ||     3
       Fulminant Prism   |       |     1 |    20 |    29 ||    50
       Foxfire           |       |       |     7 |    38 ||    45
       Iskenderun's Myst |       |       |       |     2 ||     2
Invok: Channel Magic     |       |       |     2 |     3 ||     5
Evoke: Wand              |       |       |     5 |     3 ||     8
  Use: Scroll            |       |     5 |    11 |     4 ||    20
       Potion            |       |     2 |     3 |     4 ||     9
 Stab: Sleeping          |       |     1 |     1 |       ||     2
       Distracted        |       |       |       |     1 ||     1
Armor: Skin              |    22 |    23 |   105 |    67 ||   217
Dodge: Dodged            |    39 |    63 |   129 |    82 ||   313

Table legend: (Time is in decaauts)
 A = Elapsed time spent in this place.
 B = Non-inter-level travel time spent in this place.
 C = Inter-level travel time spent in this place.
 D = Time resting spent in this place.
 E = Time spent auto-exploring this place.
 F = Levels seen in this place.
 G = Mean time per level.
                   A        B        C        D        E       F      G
               +--------+--------+--------+--------+--------+-----+--------+
         Total |  11397 |  10899 |    498 |   2277 |   6416 |   9 | 1266.3 |
       Dungeon |  11397 |  10899 |    498 |   2277 |   6416 |   9 | 1266.3 |
               +--------+--------+--------+--------+--------+-----+--------+

Top non-repeatable levels by time:
     D:8: 1795 daAuts
     D:7: 1677 daAuts
     D:3: 1611 daAuts
     D:5: 1489 daAuts
     D:1: 1356 daAuts
     D:4: 1205 daAuts
     D:6: 1078 daAuts
     D:2: 668 daAuts
     D:9: 515 daAuts
